 Dungeon Crawl Stone Soup version 0.25.0-11-g1f837a76a1 (webtiles) character file.

Game seed: 5180516403132556703

45 Esekla the Skirmisher (level 3, 31/31 HPs)
             Began as a Barachi Abyssal Knight on June 24, 2020.
             Was a Follower of Lugonu.
             Quit the game on level 1 of the Dungeon.
             The game lasted 00:09:10 (1567 turns).

Esekla the Skirmisher (Barachi Abyssal Knight)      Turns: 1567, Time: 00:09:11

Health: 31/31      AC:  7    Str: 13    XL:     3   Next: 64%
Magic:  4/4        EV: 11    Int: 12    God:    Lugonu [*.....]
Gold:   84         SH:  0    Dex: 12    Spells: 2/2 levels left

rFire    . . .     SeeInvis .   a - +1 falchion
rCold    . . .     Gourm    .   (no shield)
rNeg     . . .     Faith    .   b - +1 leather armour
rPois    .         Spirit   .   (no helmet)
rElec    .         Reflect  .   (no cloak)
rCorr    .         Harm     .   h - +2 pair of gloves
MR       .....                  (no boots)
Stlth    ++........             n - amulet of inaccuracy (curse)
HPRegen  0.10/turn              d - ring of stealth
MPRegen  0.09/turn              (no ring)

@: slow
A: +LOS, swims, slowness 1, strong legs 1
a: Hop, Depart the Abyss, Renounce Religion


You were on level 1 of the Dungeon.
You worshipped Lugonu.
Lugonu was aware of your devotion.
You were not hungry.

You visited 1 branch of the dungeon, and saw 2 of its levels.
You visited the Abyss 1 time.

You collected 84 gold pieces.

Inventory:

Hand Weapons
 a - a +1 falchion (weapon)
Missiles
 j - 15 poisoned darts (quivered)
Armour
 b - a +1 leather armour (worn)
 h - a +2 pair of gloves (worn)
Jewellery
 d - a ring of stealth (left hand)
 n - a cursed amulet of inaccuracy (around neck)
Potions
 f - a potion of lignification
 k - a potion of curing
 l - a potion of brilliance
Comestibles
 c - 5 rations
 m - a chunk of flesh


   Skills:
 * Level 4.6 Fighting
 * Level 3.3 Long Blades
 + Level 2.9 Armour
 + Level 1.1 Dodging
 + Level 1.6 Invocations


You had 2 spell levels left.
You didn't know any spells.
Your spell library was empty.

Dungeon Overview and Level Annotations

Branches:
Dungeon (2/15)

Altars:
Qazlal


Innate Abilities, Weirdness & Mutations

You can be seen from farther away. (+LOS)
You can swim through water.
You cover ground slowly.
You can hop short distances.


Message History

It is a scroll of identify.
k - a potion of curing
As you read the scroll of identify, it crumbles to dust.
f - a potion of lignification
As you read the scroll of identify, it crumbles to dust.
l - a potion of brilliance
As you read the scroll labeled GEEBUGRUL, it crumbles to dust.
It is a scroll of enchant armour.
Your +0 leather armour glows green for a moment.
As you read the scroll labeled YLASA IBLOX, it crumbles to dust.
It is a scroll of amnesia.
You feel forgetful for a moment.
Unknown command.
(D) Dungeon
Where to? (Enter - D:2, ? - help)
There is a stormy altar of Qazlal here.
There is a stone staircase leading up here.
You climb upwards.
There is a stone staircase leading down here.
Are you sure you want to abandon this character and quit the game? (Confirm with "yes".)

######### ### #........
##.######.#######
#.#.......#
####.##############
##.##.##### #......
#..@......# #.#####
##.##.###.####.##
########
#.##.##........#
.......#
#.##.....####.## ##
######.########.####...#
### #.
#............##...# #.
##########.#.##...# #.
#.#.##...##### #.
###########.#.##...#...#
#.


There were no monsters in sight!

Vanquished Creatures
  An adder (D:2)
  2 oozes
  2 dart slugs
  A leopard gecko (D:1)
  A ball python (D:2)
  A giant cockroach (D:1)
  3 goblins
  2 hobgoblins
  4 kobolds
  3 bats (D:1)
  2 frilled lizards (D:1)
  A rat (D:1)
23 creatures vanquished.

Vanquished Creatures (others)
  2 starspawn tentacles (Abyss:2)
2 creatures vanquished.

Grand Total: 25 creatures vanquished

Notes
Turn   | Place    | Note
-------+----------+-------------------------------------------
     0 | Abyss:1  | Esekla the Barachi Abyssal Knight began the quest for the
                  | Orb.
     0 | Abyss:1  | Reached XP level 1. HP: 18/18 MP: 2/2
    18 | Abyss:1  | Found a corrupted altar of Lugonu.
    27 | Abyss:2  | Found a corrupted altar of Lugonu.
    76 | Abyss:2  | Noticed a flying skull
    76 | Abyss:2  | Noticed a flying skull
   126 | Abyss:2  | Noticed a neqoxec
   129 | Abyss:2  | Noticed a tentacled starspawn
   142 | Abyss:2  | Noticed an ancient zyme
   149 | Abyss:2  | Noticed an ancient zyme
   149 | Abyss:2  | Noticed a tentacled starspawn
   155 | D:1      | Escaped the Abyss
   433 | D:1      | Reached skill level 4 in Fighting
   436 | D:1      | Reached XP level 2. HP: 25/25 MP: 3/3
   505 | D:1      | Reached * piety under Lugonu
  1163 | D:2      | Reached XP level 3. HP: 31/31 MP: 4/4
  1495 | D:2      | Found a stormy altar of Qazlal.
  1567 | D:1      | Quit the game

Illustrated notes

Levels and vault maps discovered:
D:1:      nagdon_arrival_double_spiral, layout_loops_ring,
          minmay_misc_feat_encased, chequers_serial_rivers_micro_a,
          minmay_3d_cube
D:2:      layout_loops_ring, lemuel_round_altar

Skill      XL: |  1  2  3 |
---------------+----------+-----
Fighting       | 4 |  4.6
Long Blades    | 3 |  3.3
Armour         | |  2.9
Dodging        | |  1.1
Invocations    | |  1.6

Action                   || total
-------------------------++-------
Melee: Falchion          ||    68
Invok: Depart the Abyss  ||     1
  Use: Scroll            ||     5
 Stab: Sleeping          ||     2
  Eat: Chunk             ||     3
Armor: Leather armour    ||    30
Dodge: Dodged            ||    46
       Rpst.: Falchion   ||    13
